 Dungeon Crawl Stone Soup version 0.29-a0-582-ge82337ba6a (webtiles) character file.

Game seed: 4371403469396946905

2762 vulpzor the Prestidigitator (level 9, -1/66 HPs)
             Began as a Gnoll Wanderer on June 15, 2022.
             Was a Follower of the Shining One.
             Slain by a hornet (3 damage)
             ... on level 8 of the Dungeon.
             The game lasted 00:29:08 (10110 turns).

vulpzor the Prestidigitator (Gnoll Wanderer)       Turns: 10110, Time: 00:29:11

Health: -1/66      AC: 11    Str: 14    XL:     9   Next: 69%
Magic:  17/19      EV: 11    Int: 11    God:    the Shining One [*.....]
Gold:   403        SH:  0    Dex: 14    Spells: 20/21 levels left

rFire   . . .      SeeInvis .   a - +2 hand crossbow
rCold   . . .      Faith    .   (no shield)
rNeg    . . .      Spirit   .   D - +2 scale mail {Will+}
rPois   .          Reflect  .   (no helmet)
rElec   .          Harm     .   (no cloak)
rCorr   .          Rampage  .   C - +1 pair of gloves
Will    +....                   (no boots)
Stlth   +.........              (no amulet)
HPRegen 0.21/turn               e - ring of wizardry
MPRegen 0.16/turn               I - +4 ring of slaying

@: lethally poisoned (-1 -> -6), about to teleport, slowed, glowing, very slow
A: fangs 1, strong nose, distributed training
a: Renounce Religion, Divine Shield


You were on level 8 of the Dungeon.
You worshipped the Shining One.
The Shining One was aware of your devotion.
You visited 2 branches of the dungeon, and saw 9 of its levels.

You collected 403 gold pieces.

Inventory:

Hand Weapons
 a - a +2 hand crossbow (weapon)
 w - a +1 dagger of holy wrath
 H - a +2 whip of venom
 R - a +0 hand axe of freezing
Missiles
 t - a throwing net
Armour
 d - a +0 leather armour
 q - the -1 pair of boots of the Lair of Beasts {rC++ Int+3}
   (You found it on level 2 of the Dungeon)

   Int:       It affects your intelligence (+3).
   rC:        It greatly protects you from cold.
 z - a +0 pair of boots
 C - a +1 pair of gloves (worn)
 D - a +2 scale mail of willpower (worn)
Magical Staves
 s - a staff of poison
Jewellery
 e - a ring of wizardry (left hand)
 I - a +4 ring of slaying (right hand)
 J - a ring of protection from fire
Wands
 u - a wand of iceblast (9)
 E - a wand of digging (5)
 N - a wand of flame (20)
 P - a wand of mindburst (10)
Scrolls
 j - 2 scrolls of enchant weapon
 k - 9 scrolls of identify
 n - a scroll of fear
 o - a scroll of vulnerability
 p - 2 scrolls of amnesia {unknown}
 v - a scroll of fog {unknown}
 x - 2 scrolls of enchant armour {unknown}
 y - a scroll of acquirement {unknown}
 F - 3 scrolls of poison {unknown}
 K - a scroll of magic mapping {unknown}
 M - a scroll of immolation {unknown}
Potions
 c - 2 potions of lignification
 f - 2 potions of attraction
 g - 4 potions of mutation
 h - 2 potions of haste {unknown}
 l - a potion of degeneration {unknown}
 m - 2 potions of flight {unknown}
 r - 6 potions of curing
 A - a potion of might {unknown}
 B - 2 potions of invisibility {unknown}
 G - a potion of berserk rage {unknown}
 L - a potion of brilliance {unknown}
 O - a potion of heal wounds {unknown}
 Q - a potion of cancellation {unknown}
Miscellaneous
 b - a piece from Xom's chessboard (15/15)


   Skills:
 + Level 4.5 Fighting
 + Level 4.5 Short Blades
 + Level 4.5 Long Blades
 + Level 4.5 Axes
 + Level 4.5 Maces & Flails
 + Level 4.5 Polearms
 + Level 4.5 Staves
 + Level 4.5 Slings
 + Level 4.5 Bows
 + Level 8.0 Crossbows
 + Level 4.5 Throwing
 + Level 4.5 Armour
 + Level 4.5 Dodging
 + Level 4.5 Stealth
 + Level 4.5 Shields
 + Level 4.5 Unarmed Combat
 + Level 6.8 Spellcasting
 + Level 3.7 Conjurations
 + Level 3.7 Hexes
 + Level 3.7 Summonings
 + Level 3.7 Necromancy
 + Level 3.7 Translocations
 + Level 3.7 Transmutations
 + Level 3.7 Fire Magic
 + Level 5.3 Ice Magic
 + Level 3.7 Air Magic
 + Level 3.7 Earth Magic
 + Level 3.7 Poison Magic
 + Level 4.9 Invocations
 + Level 8.0 Evocations


You had 20 spell levels left.
You knew the following spells:

 Your Spells              Type           Power      Damage    Failure   Level
a - Freeze                Ice            60%        1d8       3%          1

Your spell library contained the following spells:

 Spells                   Type           Power      Damage    Failure   Level
 Magic Dart               Conj           44%        1d5       6%          1
 Shock                    Conj/Air       44%        1d5       6%          1
 Ensorcelled Hibernation  Hex/Ice        26%        N/A       6%          2
 Frozen Ramparts          Ice            30%        1d5       9%          3
 Searing Ray              Conj           22%        2d5       10%         2
 Spider Form              Tmut/Pois      11%        N/A       19%         3
 Swiftness                Air            11%        N/A       19%         3
 Airstrike                Air            5%         N/A       50%         4
 Anguish                  Hex/Necr       5%         N/A       50%         4
 Fulminant Prism          Conj/Hex       5%         3d7       50%         4


Dungeon Overview and Level Annotations

Branches:
Dungeon (8/15)             Temple (1/1) D:5
   Lair: D:8-11

Altars:
Ashenzari
Cheibriados
Dithmenos
Elyvilon
Fedhas
Gozag
Hepliaklqana
Kikubaaqudgha
Makhleb
Nemelex Xobeh
Okawaru
Qazlal
Ru
Sif Muna
Trog
Uskayaw
Vehumet
Wu Jian
Xom
Yredelemnul
Zin
The Shining One

Shops:
D:1 =[(!   D:2 *   D:3 (


Innate Abilities, Weirdness & Mutations

You have very sharp teeth.
Your uncanny sense of smell can sniff out nearby items.
Your experience applies equally to all skills.


Message History

You are more poisoned.
You feel as though you will be slow longer.
The hornet stings you but does no damage.
Unknown command.
Casting: Freeze (safe; 3% risk of failure)
Confirm with . or Enter, or press ? or * to list all spells.
Aiming: Freeze (safe; 3% risk of failure)
Press: ? - help, Shift-Dir - straight line, f/p - hornet
Aim: a hornet (moderately wounded, haloed)
You freeze the hornet.
The hornet is heavily wounded.
You feel very sick. The hornet barely misses you. The hornet stings you!
You suddenly lose the ability to move!
You feel very sick. The hornet stings you.
You feel as though you will be slow longer.
The hornet stings you!
* * * LOW HITPOINT WARNING * * *
You feel as though you will be slow longer.
You can move again.
Casting: Freeze (safe; 3% risk of failure)
Confirm with . or Enter, or press ? or * to list all spells.
Aiming: Freeze (safe; 3% risk of failure)
Press: ? - help, Shift-Dir - straight line, f/p - hornet
Aim: a hornet (heavily wounded, haloed)
You freeze the hornet.
The hornet is heavily wounded.
* * * LOW HITPOINT WARNING * * *
You feel very sick. The hornet closely misses you. The hornet stings you!
The Shining One protects you from harm!
You feel as though you will be slow longer.
As you read the scroll of teleportation, it crumbles to dust.
You feel strangely unstable.
* * * LOW HITPOINT WARNING * * *
You feel very sick.
The hornet stings you but does no damage.
The hornet stings you.
You die...

.#.# #.# #.#. .#.# ###.#
#... .#.# #...# ....
.#.# #.### ###. .#.#
######.# ∆ #.
.#.#######...##.# #.
........#..#..#.#
##........###.#.####.#..
######.#..#....@y.....#
#.##...##.####.#..
#)#######.####.... #.#
#.........### ##)##
#.#..........
####).)###....####.###
#...........#.####.#
#.##...###...........
###.###.####.#######.##


You could see a hornet.

Vanquished Creatures
  2 water moccasins (D:7)
  A black bear (D:7)
  2 sky beasts
  An orc warrior (D:7)
  An ice beast (D:6)
  4 ogres
  A centaur (D:5)
  2 phantoms
  A kobold brigand (D:8)
  2 bullfrogs (D:7)
  3 scorpions
  2 jellies
  An orc priest (D:8)
  A gnoll shaman (D:7)
  3 hounds
  4 iguanas
  2 orc wizards (D:8)
  4 gnolls (D:7)
  9 adders
  A shadow imp (D:6)
  3 white imps
  4 worms
  12 dart slugs
  21 orcs
  2 endoplasms (D:2)
  5 giant cockroaches
  2 goblins (D:2)
  11 hobgoblins
  2 jackals (D:2)
  4 quokkas
  9 ball pythons
  4 bats
  3 frilled lizards
  16 kobolds
  6 rats
151 creatures vanquished.

Vanquished Creatures (collateral kills)
  The ghost of spaghetti the Ruffian, an amateur VSBe of Trog (D:6)
  A wyvern (D:6)
  A black bear (D:6)
  An ogre (D:6)
  2 adders (D:6)
  A shadow imp (D:6)
7 creatures vanquished.

Grand Total: 158 creatures vanquished

Notes
Turn   | Place    | Note
-------+----------+-------------------------------------------
     0 | D:1      | vulpzor the Gnoll Wanderer began the quest for the Orb.
     0 | D:1      | vulpzor set off with the following items: a +2 hand
                  | crossbow, a piece from Xom's chessboard (15/15), a potion
                  | of lignification, a +0 leather armour; and the following
                  | spell memorised: Freeze; and the following spells available
                  | to memorise: Frozen Ramparts
     0 | D:1      | Reached XP level 1. HP: 13/13 MP: 6/6
     8 | D:1      | Found Ongues's Weapon Shoppe.
   116 | D:1      | Found Owuesky's Jewellery Boutique.
   222 | D:1      | Reached XP level 2. HP: 19/19 MP: 7/7
   373 | D:1      | Found Ystrih's Antique Armour Shop.
   396 | D:1      | Found Wutih's Distillery.
   773 | D:2      | Reached skill level 5 in Spellcasting
   773 | D:2      | Reached XP level 3. HP: 25/25 MP: 7/9
   783 | D:2      | Reached skill level 1 in Invocations
   809 | D:2      | Found Feinn's Assorted Antiques.
  1015 | D:2      | Reached skill level 1 in Fighting
  1015 | D:2      | Reached skill level 1 in Short Blades
  1015 | D:2      | Reached skill level 1 in Long Blades
  1015 | D:2      | Reached skill level 1 in Axes
  1015 | D:2      | Reached skill level 1 in Maces & Flails
  1015 | D:2      | Reached skill level 1 in Polearms
  1015 | D:2      | Reached skill level 1 in Staves
  1015 | D:2      | Reached skill level 1 in Slings
  1015 | D:2      | Reached skill level 1 in Bows
  1015 | D:2      | Reached skill level 1 in Throwing
  1015 | D:2      | Reached skill level 1 in Armour
  1015 | D:2      | Reached skill level 1 in Dodging
  1015 | D:2      | Reached skill level 1 in Stealth
  1015 | D:2      | Reached skill level 1 in Shields
  1015 | D:2      | Reached skill level 1 in Unarmed Combat
  1137 | D:2      | Reached XP level 4. HP: 32/32 MP: 11/11
  1178 | D:2      | Identified the -1 pair of boots of the Lair of Beasts {rC++
                  | Int+3}
  1378 | D:2      | Reached skill level 1 in Conjurations
  1378 | D:2      | Reached skill level 1 in Hexes
  1378 | D:2      | Reached skill level 1 in Summonings
  1378 | D:2      | Reached skill level 1 in Necromancy
  1378 | D:2      | Reached skill level 1 in Translocations
  1378 | D:2      | Reached skill level 1 in Transmutations
  1378 | D:2      | Reached skill level 1 in Fire Magic
  1378 | D:2      | Reached skill level 1 in Air Magic
  1378 | D:2      | Reached skill level 1 in Earth Magic
  1378 | D:2      | Reached skill level 1 in Poison Magic
  2725 | D:3      | Found Waruebui's Weapon Emporium.
  2861 | D:3      | Reached XP level 5. HP: 37/37 MP: 12/12
  3112 | D:4      | Noticed an ogre
  3117 | D:4      | Killed an ogre
  3118 | D:4      | Reached XP level 6. HP: 44/44 MP: 11/13
  3894 | D:4      | Found a sacrificial altar of Ru.
  3895 | D:4      | Found a glowing golden altar of the Shining One.
  3991 | D:4      | Became a worshipper of the Shining One
  4050 | D:5      | Entered Level 5 of the Dungeon
  4369 | D:5      | Reached XP level 7. HP: 44/50 MP: 15/15
  4401 | D:5      | Found a staircase to the Ecumenical Temple.
  4425 | Temple   | Entered the Ecumenical Temple
  6422 | D:6      | Reached XP level 8. HP: 44/57 MP: 16/16
  6502 | D:6      | Noticed spaghetti's ghost (amateur VSBe)
  6505 | D:6      | Noticed a wyvern
  6506 | D:6      | Reached * piety under the Shining One
  7356 | D:6      | Found a runed translucent gate.
  7357 | D:6      | Found a runed translucent gate.
  7358 | D:6      | Found a runed translucent gate.
  7523 | D:6      | Killed a wyvern
  7529 | D:6      | Killed spaghetti's ghost
  7533 | D:6      | Reached skill level 5 in Ice Magic
  7533 | D:6      | Reached XP level 9. HP: 65/65 MP: 18/18
  9636 | D:8      | Noticed a hornet
  9642 | D:8      | Paralysed by a hornet for 2 turns
  9646 | D:8      | HP: 2/66 [hornet (13)]
 10107 | D:8      | Paralysed by a hornet for 2 turns
 10109 | D:8      | The Shining One protects you from harm!
 10110 | D:8      | HP: 2/66 [poisoned by a hornet]
 10110 | D:8      | Slain by a hornet

Illustrated notes

Levels and vault maps discovered:
D:1:      heliophobic_arrival_henge, layout_loops_cross, serial_shops, shop,
          shop, shop_fountains, nicolae_diamond_shop
D:2:      layout_loops_cross, serial_shops, shop_fountains,
          minmay_fractal_squares_gapless_5
D:3:      layout_rooms, serial_shops, nicolae_shop_bloodbath_and_beyond
D:4:      kennysheep_slugbush, layout_basic, mainiacjoe_overflow_divided_tiny
D:5:      layout_basic, minmay_temple_entry_drinking_statues
D:6:      layout_gridville, gammafunk_ghost_split
D:7:      layout_loops_corners, supply_closet_lemuel
D:8:      layout_loops_ring
Temple:   mainiacjoe_temple_cubbyholes

Skill      XL: |  1  2  3  4  5  6  7  8  9 |
---------------+----------------------------+-----
Spellcasting   | 5 6 |  6.8
Invocations    | 1 2 3 4 |  4.9
Fighting       | 1 2 3 4 |  4.5
Short Blades   | 1 2 3 4 |  4.5
Long Blades    | 1 2 3 4 |  4.5
Axes           | 1 2 3 4 |  4.5
Maces & Flails | 1 2 3 4 |  4.5
Polearms       | 1 2 3 4 |  4.5
Staves         | 1 2 3 4 |  4.5
Slings         | 1 2 3 4 |  4.5
Bows           | 1 2 3 4 |  4.5
Throwing       | 1 2 3 4 |  4.5
Armour         | 1 2 3 4 |  4.5
Dodging        | 1 2 3 4 |  4.5
Stealth        | 1 2 3 4 |  4.5
Shields        | 1 2 3 4 |  4.5
Unarmed Combat | 1 2 3 4 |  4.5
Conjurations   | 1 2 3 |  3.7
Hexes          | 1 2 3 |  3.7
Summonings     | 1 2 3 |  3.7
Necromancy     | 1 2 3 |  3.7
Translocations | 1 2 3 |  3.7
Transmutations | 1 2 3 |  3.7
Fire Magic     | 1 2 3 |  3.7
Air Magic      | 1 2 3 |  3.7
Earth Magic    | 1 2 3 |  3.7
Poison Magic   | 1 2 3 |  3.7
Ice Magic      | 4 5 |  5.3
Crossbows      | 7 8 |  8.0
Evocations     | 7 8 |  8.0

Action                   |  1- 3 |  4- 6 |  7- 9 || total
-------------------------+-------+-------+-------++-------
Melee: Whip              |       |       |    16 ||    16
       Bite              |       |       |     5 ||     5
 Fire: Hand crossbow     |    86 |   199 |   211 ||   496
 Cast: Freeze            |       |    14 |    33 ||    47
  Use: Scroll            |       |       |    12 ||    12
       Potion            |       |       |     1 ||     1
Armor: Leather armour    |     6 |    19 |       ||    25
       Scale mail        |       |    17 |    85 ||   102
Dodge: Dodged            |    27 |    74 |    98 ||   199

Table legend: (Time is in decaauts)
 A = Elapsed time spent in this place.
 B = Non-inter-level travel time spent in this place.
 C = Inter-level travel time spent in this place.
 D = Time resting spent in this place.
 E = Time spent auto-exploring this place.
 F = Levels seen in this place.
 G = Mean time per level.
                   A        B        C        D        E       F      G
               +--------+--------+--------+--------+--------+-----+--------+
         Total |  10265 |  10265 |      0 |   1962 |   6558 |   9 | 1140.6 |
       Dungeon |   9916 |   9916 |      0 |   1962 |   6270 |   8 | 1239.5 |
        Temple |    348 |    348 |      0 |      0 |    288 |   1 |  348.0 |
               +--------+--------+--------+--------+--------+-----+--------+

Top non-repeatable levels by time:
     D:5: 1747 daAuts
     D:2: 1586 daAuts
     D:7: 1535 daAuts
     D:6: 1476 daAuts
     D:4: 1132 daAuts
     D:8: 1043 daAuts
     D:1: 778 daAuts
     D:3: 616 daAuts
  Temple: 348 daAuts
